General information
- name: BNet
- type: Ladder team game (AT/RT)
- host: Battle.net
- saver: lllove
map: Cherryville
- players: 8
- length: 21:19
- speed: Fast
- version: 1.26 W3XP
- replay type: Public
» download(170 KB)
Players
team 1 (loser)

»
The_NightElfGod (
teal | 51 APM | 1037 actions | 20:31)
5 Mountain King
3 Storm Bolt
2 Bash
2 Paladin
1 Holy Light
1 Devotion Aura
» actions
| Assign group hotkey | 8 | |
| Basic commands | 44 | |
| Build / train | 83 | |
| Enter build submenu | 19 | |
| Enter hero's abilities submenu | 7 | |
| Give item / drop item | 2 | |
| Remove unit from queue | 1 | |
| Right click | 418 | |
| Select / deselect | 352 | |
| Select group hotkey | 15 | |
| Use ability | 88 | |
1037 total
» units
| Peasant | 22 | |
| Footman | 6 | |
| Goblin Shredder | 1 | |
| Gryphon Rider | 5 | |
| Dragonhawk Rider | 2 | |
| Mortar Team | 5 | |
| Knight | 1 | |
42 total
» upgrades
| Masonry | 1 | |
| Swords | 2 | |
| Armor | 3 | |
| Lumber Harvesting | 1 | |
| Storm Hammers | 1 | |
| Animal War Training | 1 | |
| Fragmentation Shards | 1 | |
| Gunpowder | 1 | |
11 total
» buildings
| Farm | 12 | |
| Altar of Kings | 1 | |
| Barracks | 1 | |
| Lumber Mill | 1 | |
| Arcane Vault | 1 | |
| Town Hall | 1 | |
| Scout Tower | 6 | |
| Arcane Tower | 2 | |
| Guard Tower | 3 | |
| Keep | 1 | |
| Blacksmith | 1 | |
| Gryphon Aviary | 4 | |
| Castle | 1 | |
| Workshop | 2 | |
37 total
» build order
00:22 Farm
00:23 Farm
00:40 Altar of Kings
00:52 Barracks
01:36 Lumber Mill
01:52 Arcane Vault
02:21 Farm
03:45 Town Hall
03:47 Scout Tower
03:47 Scout Tower
03:49 Scout Tower
04:23 Arcane Tower
04:25 Guard Tower
05:17 Keep
05:28 Blacksmith
05:51 Farm
05:52 Farm
05:53 Farm
07:44 Gryphon Aviary
07:45 Gryphon Aviary
07:47 Gryphon Aviary
07:55 Gryphon Aviary
10:17 Castle
12:05 Scout Tower
12:07 Scout Tower
12:08 Scout Tower
12:51 Arcane Tower
12:52 Guard Tower
13:02 Workshop
13:09 Guard Tower
14:03 Farm
14:04 Farm
14:05 Farm
14:09 Farm
14:10 Farm
14:11 Farm
16:35 Workshop
» items
| Scroll of Regeneration | 3 | |
| Lesser Clarity Potion | 3 | |
| Scroll of Town Portal | 2 | |
| Orb of Fire | 1 | |
| Orb of Corruption | 1 | |
| Potion of Healing | 1 | |
| Potion of Mana | 2 | |
13 total

»
ThugMasteR (
yellow | 60 APM | 1277 actions | 21:16)
4 Archmage
2 Summon Water Elemental
2 Brilliance Aura
2 Mountain King
1 Storm Bolt
1 Bash
2 Paladin
1 Holy Light
1 Divine Shield
» actions
| Assign group hotkey | 48 | |
| Build / train | 79 | |
| Enter build submenu | 35 | |
| Enter hero's abilities submenu | 8 | |
| Give item / drop item | 5 | |
| Right click | 387 | |
| Select / deselect | 356 | |
| Select group hotkey | 269 | |
| Use ability | 90 | |
1277 total
» units
| Peasant | 21 | |
| Footman | 1 | |
| Rifleman | 6 | |
| Dragonhawk Rider | 3 | |
| Gryphon Rider | 5 | |
36 total
» upgrades
| Masonry | 2 | |
| Armor | 1 | |
| Lumber Harvesting | 1 | |
| Swords | 2 | |
| Storm Hammers | 1 | |
| Animal War Training | 1 | |
8 total
» buildings
| Altar of Kings | 1 | |
| Farm | 14 | |
| Barracks | 1 | |
| Lumber Mill | 1 | |
| Town Hall | 1 | |
| Scout Tower | 7 | |
| Arcane Vault | 1 | |
| Guard Tower | 5 | |
| Blacksmith | 1 | |
| Keep | 1 | |
| Gryphon Aviary | 3 | |
| Castle | 1 | |
| Arcane Tower | 1 | |
38 total
» build order
00:11 Altar of Kings
00:17 Farm
00:23 Barracks
01:12 Farm
01:46 Lumber Mill
01:59 Farm
03:24 Town Hall
03:34 Scout Tower
03:38 Scout Tower
03:46 Farm
03:53 Arcane Vault
04:36 Guard Tower
04:43 Guard Tower
04:54 Scout Tower
04:57 Scout Tower
05:07 Blacksmith
05:22 Guard Tower
05:28 Guard Tower
05:50 Farm
06:01 Farm
06:28 Farm
06:31 Farm
06:46 Keep
07:07 Farm
07:10 Scout Tower
07:22 Scout Tower
08:15 Guard Tower
08:27 Farm
09:02 Farm
09:39 Gryphon Aviary
09:41 Gryphon Aviary
10:43 Gryphon Aviary
11:09 Castle
12:10 Farm
12:54 Farm
14:06 Scout Tower
16:37 Farm
16:39 Arcane Tower
» items
| Scroll of Regeneration | 2 | |
| Lesser Clarity Potion | 3 | |
| Boots of Speed | 2 | |
| Potion of Lesser Invulnerability | 2 | |
| Potion of Healing | 1 | |
| Scroll of Town Portal | 3 | |
| Orb of Fire | 2 | |
| Dust of Appearance | 1 | |
16 total

»
TOSSMYSALADFAG (
green | 76 APM | 1433 actions | 18:55)
4 Warden
2 Fan of Knives
2 Blink
» actions
| Assign group hotkey | 121 | |
| Basic commands | 44 | |
| Build / train | 55 | |
| Enter build submenu | 15 | |
| Enter hero's abilities submenu | 5 | |
| Remove unit from queue | 6 | |
| Right click | 639 | |
| Select / deselect | 339 | |
| Select group hotkey | 146 | |
| Use ability | 63 | |
1433 total
» units
| Wisp | 15 | |
| Huntress | 18 | |
| Faerie Dragon | 3 | |
36 total
» upgrades
| Moon Armor | 3 | |
| Strength of the Moon | 1 | |
| Sentinel | 1 | |
| Upgrade Moon Glaive | 1 | |
6 total
» buildings
| Moon Well | 5 | |
| Altar of Elders | 1 | |
| Hunter's Hall | 1 | |
| Ancient of War | 2 | |
| Tree of Ages | 1 | |
| Tree of Eternity | 1 | |
| Ancient of Wind | 1 | |
| Ancient of Wonders | 2 | |
14 total
» build order
00:08 Moon Well
00:13 Altar of Elders
01:13 Hunter's Hall
01:49 Ancient of War
02:05 Moon Well
02:14 Ancient of War
02:49 Moon Well
05:22 Moon Well
05:53 Tree of Ages
10:32 Tree of Eternity
13:47 Ancient of Wind
15:49 Ancient of Wonders
15:52 Ancient of Wonders
17:15 Moon Well
62-34Cantfind (
blue | 63 APM | 1284 actions | 20:27)
3 Death Knight
2 Death Coil
1 Unholy Aura
2 Lich
1 Frost Nova
1 Frost Armor
1 Dreadlord
1 Sleep
» actions
| Assign group hotkey | 22 | |
| Build / train | 81 | |
| ESC pressed | 11 | |
| Enter build submenu | 24 | |
| Enter hero's abilities submenu | 6 | |
| Give item / drop item | 1 | |
| Remove unit from queue | 1 | |
| Right click | 562 | |
| Select / deselect | 247 | |
| Select group hotkey | 243 | |
| Use ability | 86 | |
1284 total
» units
| Acolyte | 27 | |
| Ghoul | 11 | |
| Frost Wyrm | 6 | |
44 total
» upgrades
| Creature Attack | 1 | |
| Creature Carapace | 1 | |
| Web | 1 | |
3 total
» buildings
| Crypt | 1 | |
| Ziggurat | 10 | |
| Altar of Darkness | 2 | |
| Tomb of Relics | 1 | |
| Nerubian Tower | 3 | |
| Halls of the Dead | 2 | |
| Necropolis | 2 | |
| Graveyard | 1 | |
| Black Citadel | 3 | |
| Sacrificial Pit | 1 | |
| Spirit Tower | 1 | |
| Boneyard | 3 | |
30 total
» build order
00:12 Crypt
00:16 Ziggurat
00:45 Altar of Darkness
00:58 Ziggurat
01:27 Tomb of Relics
03:15 Nerubian Tower
04:27 Halls of the Dead
04:40 Necropolis
04:47 Necropolis
04:56 Ziggurat
05:28 Ziggurat
05:29 Ziggurat
05:30 Ziggurat
05:32 Ziggurat
06:05 Graveyard
06:08 Ziggurat
06:26 Ziggurat
06:29 Nerubian Tower
06:29 Nerubian Tower
06:48 Black Citadel
06:48 Black Citadel
06:50 Sacrificial Pit
07:30 Spirit Tower
08:04 Ziggurat
09:14 Boneyard
09:15 Boneyard
09:47 Boneyard
17:44 Altar of Darkness
» items
| Rod of Necromancy | 3 | |
| Potion of Healing | 1 | |
| Potion of Mana | 4 | |
| Orb of Corruption | 1 | |
| Dust of Appearance | 1 | |
10 total
team 2 (winner)
IIIIIIIII1I (
red | 97 APM | 2057 actions | 21:17)
7 Death Knight
3 Death Coil
3 Unholy Aura
1 Animate Dead
6 Lich
3 Frost Nova
2 Frost Armor
1 Death and Decay
» actions
| Assign group hotkey | 46 | |
| Basic commands | 105 | |
| Build / train | 84 | |
| Enter build submenu | 22 | |
| Enter hero's abilities submenu | 14 | |
| Give item / drop item | 6 | |
| Remove unit from queue | 3 | |
| Right click | 653 | |
| Select / deselect | 232 | |
| Select group hotkey | 799 | |
| Use ability | 93 | |
2057 total
» units
| Acolyte | 10 | |
| Ghoul | 4 | |
| Crypt Fiend | 15 | |
| Obsidian Statue | 3 | |
| Banshee | 4 | |
36 total
» upgrades
| Creature Carapace | 3 | |
| Creature Attack | 3 | |
| Banshee Training | 3 | |
| Web | 1 | |
| Destroyer Form | 1 | |
11 total
» buildings
| Ziggurat | 6 | |
| Crypt | 2 | |
| Altar of Darkness | 1 | |
| Graveyard | 1 | |
| Tomb of Relics | 1 | |
| Necropolis | 1 | |
| Halls of the Dead | 1 | |
| Spirit Tower | 4 | |
| Black Citadel | 1 | |
| Slaughterhouse | 1 | |
| Nerubian Tower | 1 | |
| Temple of the Damned | 1 | |
21 total
» build order
00:37 Ziggurat
00:39 Crypt
00:45 Altar of Darkness
00:56 Graveyard
01:11 Tomb of Relics
01:24 Ziggurat
04:51 Necropolis
05:09 Ziggurat
05:42 Ziggurat
05:45 Halls of the Dead
06:24 Spirit Tower
06:48 Spirit Tower
07:32 Ziggurat
07:33 Ziggurat
08:10 Black Citadel
08:33 Slaughterhouse
08:43 Nerubian Tower
08:44 Spirit Tower
09:19 Crypt
09:35 Temple of the Damned
12:05 Spirit Tower
» items
| Rod of Necromancy | 1 | |
| Sacrificial Skull | 1 | |
| Circlet of Nobility | 1 | |
| Potion of Healing | 3 | |
| Potion of Mana | 2 | |
| Scroll of Healing | 1 | |
| Orb of Corruption | 1 | |
| Scroll of Town Portal | 2 | |
12 total
KingZombie (
orange | 52 APM | 1109 actions | 21:17)
5 Demon Hunter
2 Immolation
2 Evasion
1 Mana Burn
» actions
| Basic commands | 43 | |
| Build / train | 83 | |
| Enter build submenu | 25 | |
| Enter hero's abilities submenu | 5 | |
| Remove unit from queue | 8 | |
| Right click | 576 | |
| Select / deselect | 312 | |
| Use ability | 57 | |
1109 total
» units
| Wisp | 31 | |
| Archer | 2 | |
| Huntress | 2 | |
| Chimaera | 8 | |
| Hippogryph | 8 | |
51 total
» upgrades
| Strength of the Moon | 1 | |
| Moon Armor | 1 | |
| Strength of the Wild | 3 | |
| Reinforced Hides | 3 | |
| Corrosive Breath | 1 | |
9 total
» buildings
| Altar of Elders | 1 | |
| Moon Well | 7 | |
| Ancient of War | 1 | |
| Hunter's Hall | 1 | |
| Tree of Ages | 1 | |
| Tree of Life | 4 | |
| Ancient Protector | 5 | |
| Tree of Eternity | 1 | |
| Ancient of Wind | 2 | |
| Ancient of Wonders | 1 | |
| Chimaera Roost | 3 | |
27 total
» build order
00:12 Altar of Elders
00:34 Moon Well
00:48 Ancient of War
01:44 Moon Well
02:25 Hunter's Hall
02:45 Moon Well
04:43 Tree of Ages
05:13 Tree of Life
05:33 Ancient Protector
05:40 Ancient Protector
06:09 Ancient Protector
07:33 Tree of Eternity
07:46 Tree of Life
08:31 Ancient of Wind
08:57 Ancient of Wonders
10:07 Chimaera Roost
10:10 Chimaera Roost
10:14 Chimaera Roost
10:20 Tree of Life
10:35 Moon Well
10:46 Moon Well
13:45 Tree of Life
17:16 Ancient of Wind
17:36 Ancient Protector
17:38 Ancient Protector
19:45 Moon Well
19:50 Moon Well
» items
| Staff of Teleportation | 1 | |
| Scroll of Protection | 1 | |
| Orb of Venom | 1 | |
| Potion of Healing | 2 | |
| Scroll of Town Portal | 4 | |
9 total
lllove (
pink | 54 APM | 1146 actions | 21:19)
6 Blood Mage
3 Flame Strike
2 Siphon Mana
1 Summon Phoenix
» actions
| Assign group hotkey | 40 | |
| Basic commands | 16 | |
| Build / train | 73 | |
| Enter build submenu | 27 | |
| Enter hero's abilities submenu | 6 | |
| Give item / drop item | 2 | |
| Remove unit from queue | 1 | |
| Right click | 515 | |
| Select / deselect | 266 | |
| Select group hotkey | 107 | |
| Use ability | 93 | |
1146 total
» units
| Peasant | 13 | |
| Footman | 7 | |
| Sorceress | 7 | |
27 total
» upgrades
| Lumber Harvesting | 2 | |
| Sorceress Training | 1 | |
| Magic Sentry | 1 | |
| Masonry | 3 | |
7 total
» buildings
| Altar of Kings | 1 | |
| Barracks | 1 | |
| Farm | 5 | |
| Scout Tower | 15 | |
| Arcane Tower | 1 | |
| Keep | 1 | |
| Lumber Mill | 1 | |
| Arcane Vault | 1 | |
| Arcane Sanctum | 1 | |
| Guard Tower | 8 | |
| Town Hall | 1 | |
| Castle | 1 | |
37 total
» build order
00:49 Altar of Kings
00:52 Barracks
00:54 Farm
00:55 Farm
01:05 Farm
01:35 Farm
02:04 Scout Tower
02:34 Arcane Tower
03:32 Keep
03:44 Lumber Mill
03:59 Arcane Vault
05:50 Scout Tower
05:51 Scout Tower
05:56 Arcane Sanctum
06:17 Guard Tower
06:24 Guard Tower
06:44 Guard Tower
07:31 Scout Tower
07:31 Scout Tower
07:32 Scout Tower
08:21 Guard Tower
08:35 Farm
16:29 Town Hall
17:06 Scout Tower
17:06 Scout Tower
17:07 Scout Tower
17:18 Scout Tower
17:18 Scout Tower
17:19 Scout Tower
17:23 Castle
17:57 Guard Tower
18:01 Guard Tower
18:02 Guard Tower
18:02 Guard Tower
» items
| Scroll of Regeneration | 2 | |
| Mechanical Critter | 1 | |
| Potion of Healing | 3 | |
| Lesser Clarity Potion | 4 | |
| Boots of Speed | 1 | |
| Staff of Teleportation | 1 | |
| Potion of Invisibility | 2 | |
| Scroll of Town Portal | 3 | |
| Potion of Mana | 2 | |
19 total
Uncleacl (
purple | 63 APM | 1342 actions | 21:17)
7 Death Knight
3 Death Coil
3 Unholy Aura
1 Animate Dead
» actions
| Assign group hotkey | 28 | |
| Basic commands | 44 | |
| Build / train | 69 | |
| Enter build submenu | 22 | |
| Enter hero's abilities submenu | 7 | |
| Remove unit from queue | 4 | |
| Right click | 407 | |
| Select / deselect | 337 | |
| Select group hotkey | 372 | |
| Use ability | 52 | |
1342 total
» units
| Acolyte | 7 | |
| Ghoul | 8 | |
| Meatwagon | 6 | |
| Necromancer | 14 | |
| Obsidian Statue | 2 | |
37 total
» upgrades
| Skeletal Longevity | 1 | |
| Necromancer Training | 2 | |
| Exhume Corpses | 1 | |
| Ghoul Frenzy | 1 | |
| Skeletal Mastery | 1 | |
| Unholy Strength | 3 | |
| Unholy Armor | 1 | |
10 total
» buildings
| Halls of the Dead | 3 | |
| Graveyard | 1 | |
| Crypt | 1 | |
| Altar of Darkness | 1 | |
| Ziggurat | 9 | |
| Temple of the Damned | 3 | |
| Black Citadel | 4 | |
| Slaughterhouse | 2 | |
| Tomb of Relics | 1 | |
| Nerubian Tower | 1 | |
26 total
» build order
00:59 Halls of the Dead
00:59 Halls of the Dead
01:14 Graveyard
02:05 Crypt
02:40 Altar of Darkness
03:35 Ziggurat
04:14 Ziggurat
05:02 Temple of the Damned
05:37 Black Citadel
05:37 Black Citadel
05:37 Black Citadel
06:07 Temple of the Damned
06:34 Slaughterhouse
06:57 Slaughterhouse
07:03 Temple of the Damned
07:13 Ziggurat
07:18 Ziggurat
07:49 Tomb of Relics
08:18 Ziggurat
09:20 Nerubian Tower
10:02 Ziggurat
18:54 Ziggurat
18:57 Ziggurat
18:59 Ziggurat
» items
| Sacrificial Skull | 1 | |
| Rod of Necromancy | 1 | |
2 total
Chat log
(00:16 / Allies) IIIIIIIII1I: ty
(00:22 / Allies) Uncleacl: mas
(00:23 / Allies) KingZombie: mass 4v1?
(00:31 / All) 62-34Cantfind: GLHF
(00:35 / Allies) Uncleacl: wood
(00:36 / Allies) Uncleacl: now
(00:55 / Allies) KingZombie: mass or leass?
(01:06 / Allies) Uncleacl: bitches
(01:11 / Allies) lllove: awesome
(01:13 / Allies) KingZombie: fuck noob
(01:27 / All) Uncleacl: im noob?
(01:30 / Allies) Uncleacl: fuck you bruh
(01:36 / Allies) KingZombie: stfu techer
(01:37 / All) TOSSMYSALADFAG: LADIES
(01:42 / All) TOSSMYSALADFAG: DONT FIGHT
(01:59 / Allies) KingZombie: if they mass we gg
(02:05 / Allies) KingZombie: 1 techer 0 unit
(02:10 / Allies) Uncleacl: stfu
(02:14 / Allies) Uncleacl: they aint gonna rush
(02:15 / Allies) Uncleacl: noob
(02:19 / Allies) KingZombie: fucking amature
(02:50 / Allies) Uncleacl: we got this shit bruh
(03:01 / Allies) KingZombie: stfu amature
(03:03 / Allies) Uncleacl: give me wood now
(03:08 / Allies) Uncleacl: or else we dead
(03:21 / All) TOSSMYSALADFAG: ty
(03:24 / Allies) KingZombie: we dead anyway
(03:58 / Allies) Uncleacl: wood now bitches
(04:16 / Allies) KingZombie: low class nigger
(04:25 / Allies) Uncleacl: you are what you eat
(04:30 / Allies) Uncleacl: fucking pussy
(04:45 / All) lllove: awesome
(04:53 / All) TOSSMYSALADFAG: whats wrong
(05:28 / All) TOSSMYSALADFAG: if I hack dont you think I would have ganked you
(05:31 / All) TOSSMYSALADFAG: Right when you started expo
(05:43 / All) Uncleacl: i ganked your mom last night
(05:48 / All) TOSSMYSALADFAG: OHHH SHIT
(06:22 / Allies) lllove: watch him come straight ot my base
(06:47 / All) Uncleacl: str8 outta compton
(07:01 / All) 62-34Cantfind: chicago
(07:16 / Allies) lllove: cancel tree?
(07:17 / Allies) lllove: too late
(07:32 / All) Uncleacl: iz ok
(07:40 / All) Uncleacl: this shit about to get real soon son
(07:49 / All) 62-34Cantfind: whats worst chicag oor compton
(07:55 / All) Uncleacl: both sux
(08:35 / All) Uncleacl: for realliz
(09:54 / Allies) Uncleacl: gold
(10:29 / All) TOSSMYSALADFAG: good micro orange
(11:46 / Allies) Uncleacl: iz all good
(11:48 / Allies) Uncleacl: lookie
(13:24 / Allies) KingZombie: kill green
(14:30 / All) lllove: nice mh
(14:40 / All) TOSSMYSALADFAG: ?
(14:41 / All) TOSSMYSALADFAG: who
(14:43 / Allies) lllove: yellow
(14:51 / All) lllove: lol
(14:53 / All) ThugMasteR: noob
(14:55 / All) lllove: mher
(15:09 / All) lllove: if you guys had any integrity you'd tk him
(15:46 / All) Uncleacl: noobs
(15:48 / All) Uncleacl: leave
(16:23 / All) IIIIIIIII1I: GG
(16:29 / Allies) IIIIIIIII1I: purple is pretty good
(18:01 / All) 62-34Cantfind: ur the type
(18:08 / All) ThugMasteR: any1 host>
(18:17 / All) ThugMasteR: blue wants me to anal him in 1s
(18:30 / All) Uncleacl: ;leave
(18:45 / Allies) lllove: yellow has mh btw
(18:49 / Allies) lllove: always have tp on you
(18:51 / All) 62-34Cantfind: bitch
(20:53 / All) ThugMasteR: bunch of noob shit
(21:00 / All) lllove: yeah like mhing LOL
(21:08 / All) ThugMasteR: pink and oj suck
(21:14 / All) ThugMasteR: amazing u noobs win
(21:16 / All) lllove: mher lol